 Dungeon Crawl Stone Soup version 0.31-a0-187-gba352fbbf7 (webtiles) character file.

Game seed: 5478351262932405646

316 qw the Skirmisher (level 6, -4/35 HPs)
             Began as a Deep Elf Hunter on June 22, 2023.
             Slain by an ogre
             ... wielding a +0 giant spiked club
              (32 damage)
             ... on level 4 of the Dungeon.
             The game lasted 00:01:05 (3025 turns).

qw the Skirmisher (Deep Elf Hunter)                 Turns: 3025, Time: 00:01:06

Health: -4/35      AC:  6    Str:  9    XL:     6   Next: 20%
Magic:  8/8        EV: 15    Int: 18    God:
Gold:   80         SH:  0    Dex: 17    Spells: 5/5 levels left

rFire   . . .        Y - +1 shortbow
rCold   . . .        (shield currently unavailable)
rNeg    . . .        f - +0 ring mail
rPois   .            (helmet restricted)
rElec   .            a - +0 cloak
rCorr   .            (no gloves)
SInv    .            (no boots)
Will    .....        (no amulet)
Stlth   +            i - +5 ring of evasion
HPRegen 0.25/turn    (no ring)
MPRegen 0.11/turn

%: no passive effects
@: no status effects
A: horns 1, clever 1, wild magic 1
a: no special abilities


You were on level 4 of the Dungeon.
You visited 1 branch of the dungeon, and saw 4 of its levels.

You collected 172 gold pieces.
You spent 92 gold pieces at shops.


Innate Abilities, Weirdness & Mutations

You have a pair of small horns on your head.
Your mind is acute. (Int +4, Str/Dex -1)
Your spells are a little harder to cast, but a little more powerful.


   Skills:
 - Level 2.2 Fighting
 + Level 9.4 Ranged Weapons
 - Level 0.4 Armour
 - Level 2.4 Dodging
 - Level 1.2 Stealth


You had 5 spell levels left.
You didn't know any spells.
Your spell library was empty.

Inventory:

Hand Weapons
 Y - a +1 shortbow (weapon)
Armour
 a - a +0 cloak (worn)
 f - a +0 ring mail (worn)
Jewellery
 i - a +5 ring of evasion (left hand)
Scrolls
 b - a scroll of identify
Potions
 d - a potion of might {unknown}
 g - a potion of curing
 h - a potion of resistance {unknown}
 j - a potion of mutation
 l - a potion of enlightenment {unknown}

Dungeon Overview and Level Annotations

Branches:
Dungeon (4/15)
 Temple: D:4-7

Altars:

Shops:
D:2 [


Message History

A giant cockroach comes into view.
Enter note:
Enter note:
Enter note: You shoot an arrow.
The arrow hits the giant cockroach but does no damage.
You shoot an arrow.
The arrow barely misses the giant cockroach.
The giant cockroach misses you.
You shoot an arrow.
The arrow hits the giant cockroach but does no damage.
The giant cockroach barely misses you.
You shoot an arrow. The arrow hits the giant cockroach.
You kill the giant cockroach!
You see here a giant cockroach corpse.
An ogre comes into view. It is wielding a +0 giant spiked club.
The ogre shouts!
Enter note:
Enter note:
Enter note: You shoot an arrow.
The arrow hits the ogre.
The ogre is lightly wounded.
You shoot an arrow. The arrow barely misses the ogre.
The ogre closely misses you.
You shoot an arrow. The arrow hits the ogre.
The ogre is moderately wounded.
The ogre hits you with a +0 giant spiked club!
You shoot an arrow. The arrow hits the ogre!
The ogre is severely wounded.
The ogre barely misses you.
You shoot an arrow.
The arrow hits the ogre but does no damage.
The ogre is severely wounded.
You shoot an arrow. The arrow barely misses the ogre.
The ogre barely misses you.
You shoot an arrow. The arrow hits the ogre.
The ogre is severely wounded.
The ogre hits you with a +0 giant spiked club!!
Ouch! That really hurt!
You die...

###### ####
#....# ...
#.##.#####.#####.
#.##.....@.......
#.########O####..
#.# .# #.# .# #.#
.# #.#### .#
#....## .#
#.###.# .#
##...#.#


You could see an ogre.

Vanquished Creatures
  A scorpion (D:4)
  Jessica (D:2)
  Natasha (thrice) (D:2)
  An orc wizard (D:3)
  Robin (D:2)
  A gnoll (D:1)
  3 adders
  2 worms
  A dart slug (D:1)
  6 orcs
  A bat (D:3)
  7 endoplasms
  4 giant cockroaches
  16 goblins
  12 hobgoblins
  A quokka (D:2)
  A ball python (D:2)
  5 frilled lizards
  4 kobolds
  4 rats
75 creatures vanquished.

Notes
Turn   | Place    | Note
-------+----------+-------------------------------------------
     0 | D:1      | qw the Deep Elf Hunter began the quest for the Orb.
     0 | D:1      | Reached XP level 1. HP: 12/12 MP: 3/3
     0 | D:1      | 0 ||| qw: Version: 0.3-a-9-g12657ce
     0 | D:1      | 0 ||| qw: Game counter: 2719
     0 | D:1      | 0 ||| qw: Always use a shield: true
     0 | D:1      | 0 ||| qw: God list: Okawaru
     0 | D:1      | 0 ||| qw: Allow faded altars: false
     0 | D:1      | 0 ||| qw: Do Orc after D:15 true
     0 | D:1      | 0 ||| qw: Do second Lair branch before Depths: true
     0 | D:1      | 0 ||| qw: Lair rune preference: random
     0 | D:1      | 0 ||| qw: Plans: Normal
     0 | D:1      | 0 ||| PLANNING D:1-11
   227 | D:1      | Reached XP level 2. HP: 15/16 MP: 4/4
   280 | D:1      | Reached skill level 6 in Ranged Weapons
   541 | D:1      | Reached XP level 3. HP: 20/20 MP: 5/5
   612 | D:1      | 612 ||| UPGRADING to +0 ring mail.
   622 | D:1      | 622 ||| DROPPING +0 leather armour.
   623 | D:1      | 623 ||| UPGRADING to +5 ring of evasion.
   624 | D:1      | 624 ||| READING scroll labelled ACYEG XOGOU.
   625 | D:1      | 625 ||| DRINKING 2 murky brown potions.
   626 | D:1      | 626 ||| DROPPING scroll of butterflies.
   813 | D:2      | Noticed Robin
   813 | D:2      | Noticed Jessica
   814 | D:2      | 814 ||| Stepping ~*~*~tactically~*~*~ (outnumbered).
   823 | D:2      | 823 ||| Stepping ~*~*~tactically~*~*~ (outnumbered).
   836 | D:2      | Reached skill level 7 in Ranged Weapons
   848 | D:2      | Killed Jessica
   849 | D:2      | Reached XP level 4. HP: 9/25 MP: 6/6
   854 | D:2      | Killed Robin
   856 | D:2      | HP: 4/25 [hobgoblin[Robin] (4)]
  1058 | D:2      | Noticed Natasha
  1062 | D:2      | Killed Natasha
  1063 | D:2      | Reached skill level 8 in Ranged Weapons
  1261 | D:2      | Found Ippid's Antique Armour Shoppe.
  1267 | D:2      | Noticed Natasha
  1281 | D:2      | Killed Natasha
  1282 | D:2      | Reached XP level 5. HP: 26/29 MP: 7/7
  1392 | D:2      | 1392 ||| BUYING runed robe (92 gold).
  1392 | D:2      | Bought a runed robe for 92 gold pieces
  1626 | D:2      | Noticed Natasha
  1627 | D:2      | 1627 ||| FLEEEEING.
  1628 | D:2      | 1628 ||| FLEEEEING.
  1629 | D:2      | 1629 ||| FLEEEEING.
  1630 | D:2      | 1630 ||| FLEEEEING.
  1631 | D:2      | 1631 ||| FLEEEEING.
  1632 | D:2      | 1632 ||| FLEEEEING.
  1635 | D:2      | 1635 ||| FLEEEEING.
  1636 | D:2      | 1636 ||| FLEEEEING.
  1637 | D:2      | 1637 ||| FLEEEEING.
  1646 | D:2      | Killed Natasha
  1647 | D:2      | Reached skill level 9 in Ranged Weapons
  1792 | D:2      | 1792 ||| UPGRADING to +0 cloak.
  1797 | D:2      | 1797 ||| UPGRADING to +0 helmet.
  1802 | D:2      | 1802 ||| DROPPING +1 robe of the Archmagi.
  1803 | D:2      | 1803 ||| READING scroll labelled NIOFOREOSCH.
  1804 | D:2      | 1804 ||| READING scroll labelled EZANEC COCS.
  1805 | D:2      | 1805 ||| READING scroll labelled VOMI WOUNUTAI.
  1806 | D:2      | 1806 ||| DRINKING 2 brown potions.
  1807 | D:2      | 1807 ||| DROPPING potion of attraction.
  2633 | D:3      | 2633 ||| READING scroll labelled MUFUSO SINNIRYD.
  2734 | D:3      | 2734 ||| DRINKING 2 fizzy green potions.
  2734 | D:3      | Gained mutation: Your mind is acute. (Int +4, Str/Dex -1)
                  | [potion of mutation]
  2734 | D:3      | Gained mutation: Your spells are a little harder to cast,
                  | but a little more powerful. [potion of mutation]
  2734 | D:3      | Gained mutation: You have a pair of small horns on your
                  | head. [potion of mutation]
  2735 | D:3      | 2735 ||| DROPPING +0 helmet.
  2956 | D:4      | Reached XP level 6. HP: 35/35 MP: 8/8
  3025 | D:4      | Slain by an ogre

Levels and vault maps discovered:
D:1:      tarquinn_simple_flora_water_d, layout_basic
D:2:      minmay_alternating_diamond, layout_basic, serial_shops, shop,
          uniq_natasha, uniq_robin, uniq_jessica
D:3:      wander_river, layout_basic
D:4:      layout_loops_ring

Skill      XL: |  1  2  3  4  5 |
---------------+----------------+-----
Ranged Weapons | 6 7 8 9 |  9.4
Fighting       | 2 |  2.2
Armour         | |  0.4
Dodging        | |  2.4
Stealth        | |  1.2

Action                     |  1- 3 |  4- 6 || total
---------------------------+-------+-------++-------
   Fire: Shortbow          |    97 |   147 ||   244
    Use: Scroll            |     1 |     4 ||     5
         Potion            |     1 |     2 ||     3
 Armour: Leather armour    |     6 |       ||     6
         Ring mail         |    14 |    15 ||    29
  Dodge: Dodged            |    38 |    69 ||   107

Table legend:
 A = Non-vault XP
 B = Vault XP
 C = Vault XP percentage of total XP
 D = Non-vault monster count
 E = Vault monster count
 F = Vault count percentage of total count
                 A         B        C        D         E       F
            +---------+---------+-------+---------+---------+-------
      Total |     339 |     113 |  25.0 |      59 |      16 |  21.3
            +---------+---------+-------+---------+---------+-------
        D:1 |      42 |       0 |   0.0 |      17 |       0 |   0.0
        D:2 |     123 |     113 |  47.9 |      20 |      16 |  44.4
        D:3 |      75 |       0 |   0.0 |      13 |       0 |   0.0
        D:4 |      99 |       0 |   0.0 |       9 |       0 |   0.0
            +---------+---------+-------+---------+---------+-------
